 Dungeon Crawl Stone Soup version 0.30.0-19-g36f170ea60 (webtiles) character file.

Game seed: 12891189885914450973

56 Bnni the Digger (level 4, -1/32 HPs)
             Began as a Formicid Earth Elementalist on May 30, 2023.
             Slain by Ijyb
             ... wielding a +0 club
              (4 damage)
             ... on level 3 of the Dungeon.
             The game lasted 00:03:24 (1846 turns).

Bnni the Digger (Formicid Earth Elementalist)       Turns: 1846, Time: 00:03:25

Health: -1/32      AC:  2    Str: 13    XL:     4   Next: 15%
Magic:  5/7        EV: 12    Int: 16    God:
Gold:   194        SH:  0    Dex: 20    Spells: 2/8 levels left

rFire   . . .        r - +1 short sword (vamp)
rCold   . . .        (no shield)
rNeg    . . .        a - +0 robe
rPois   .            (helmet unavailable)
rElec   .            (no cloak)
rCorr   +            (no gloves)
SInv    +            (no boots)
Will    .....        s - amulet of magic regeneration
Stlth   ++           f - +6 ring of dexterity
HPRegen 0.25/turn    j - ring of resist corrosion
MPRegen 0.50/turn

%: no passive effects
@: no status effects
A: permanent stasis, dig shafts and tunnels, antennae 3, four strong arms
a: Dig, Shaft Self


You were on level 3 of the Dungeon.
You visited 1 branch of the dungeon, and saw 3 of its levels.

You collected 194 gold pieces.

Inventory:

Hand Weapons
 r - a +1 vampiric short sword (weapon)
Armour
 a - a +0 robe (worn)
 i - a +0 kite shield
 q - a +0 chain mail
Jewellery
 f - a +6 ring of dexterity (left hand)
 g - an amulet of faith
 j - a ring of resist corrosion (right hand)
 p - a ring of fire
 s - an amulet of magic regeneration (around neck)
Scrolls
 d - 2 scrolls of identify {unknown}
 e - a scroll of fog {unknown}
 h - a scroll of silence {unknown}
 l - a scroll of amnesia {unknown}
 n - a scroll of blinking {unknown}
 o - a scroll of poison {unknown}
Potions
 b - a potion of magic
 k - a potion of flight {unknown}
 m - a potion of resistance {unknown}
 t - a potion of heal wounds {unknown}


   Skills:
 + Level 1.2 Fighting
 - Level 1.7 Dodging
 - Level 2.4 Stealth
 + Level 1.1 Shields
 + Level 2.6 Spellcasting
 + Level 1.8 Transmutations
 * Level 4.5 Earth Magic


You had 2 spell levels left.
You knew the following spells:

 Your Spells              Type           Power      Damage    Failure   Level
a - Sandblast             Erth           32%        2d9       3%          1
b - Passwall              Tmut/Erth      10%        N/A       8%          2
c - Stone Arrow           Conj/Erth      18%        3d8       22%         3

Your spell library contained the following spells:

 Spells                   Type           Power      Damage    Failure   Level
 Petrify                  Tmut/Erth      12%        N/A       45%         4
 Inner Flame              Hex/Fire       2%         N/A       52%         3
 Volatile Blastmotes      Fire/Tloc      4%         2d10      52%         3
 Lee's Rapid Deconstruct  Erth           8%         3d7*      63%         5
 Flame Wave               Conj/Fire      2%         2d4       89%         4
 Fulminant Prism          Conj/Hex       1%         3d5       89%         4
 Iskenderun's Mystic Bla  Conj/Tloc      2%         2d3       89%         4
 Sticky Flame             Conj/Fire      2%         2d3       89%         4


Dungeon Overview and Level Annotations

Branches:
Dungeon (3/15)

Altars:

Annotations:
D:3 Ijyb


Innate Abilities, Weirdness & Mutations

You cannot be hasted, slowed, berserked, paralysed or teleported.
You can dig through walls and to a lower floor.
You have a pair of large antennae on your head. (SInv)
Your four strong arms can wield two-handed weapons with a shield.


Message History

The blast of sand hits Ijyb but does no damage.
Ijyb is heavily wounded.
Ijyb completely misses you. The dart slug launches a dart at you.
The slug dart hits you.
* * * LOW HITPOINT WARNING * * *
Ijyb screams, "I no like you!" Ijyb hits you with a +0 club.
* * * LOW HITPOINT WARNING * * *
You feel better. Ijyb closely misses you.
Aiming: Sandblast (safe; 3% risk of failure)
Press: ? - help, Q - select action, (/) - cycle Shift-Dir - straight line, f/p - Ijyb
Aim: Ijyb, wielding a +0 club, wearing a +0 scale mail and carrying a wand of charming (3) (heavily wounded, 80% to hit)
The blast of sand hits Ijyb but does no damage.
Ijyb is heavily wounded.
Ijyb zaps a wand.
You resist with some effort. The dart slug launches a dart at you.
The slug dart misses you.
Aiming: Sandblast (safe; 3% risk of failure)
Press: ? - help, Q - select action, (/) - cycle Shift-Dir - straight line, f - dart slug, p - Ijyb
Aim: a dart slug (100% to hit)
The blast of sand hits the dart slug!
You kill the dart slug!
Ijyb misses you. Ijyb closely misses you.
Aiming: Sandblast (safe; 3% risk of failure)
Press: ? - help, Q - select action, (/) - cycle Shift-Dir - straight line, f - Ijyb
Aim: Ijyb, wielding a +0 club, wearing a +0 scale mail and carrying a wand of charming (2) (heavily wounded, 80% to hit)
The blast of sand hits Ijyb but does no damage.
Ijyb is heavily wounded.
Ijyb completely misses you.
Unknown command.
Aiming: Sandblast (safe; 3% risk of failure)
Press: ? - help, Q - select action, (/) - cycle Shift-Dir - straight line, f/p - Ijyb
Aim: Ijyb, wielding a +0 club, wearing a +0 scale mail and carrying a wand of charming (2) (heavily wounded, 80% to hit)
The blast of sand hits Ijyb but does no damage.
Ijyb is heavily wounded.
Ijyb hits you with a +0 club.
* * * LOW HITPOINT WARNING * * *
Ijyb hits you with a +0 club.
You die...

#.# ##.# #.# ##..#
#.####...##
#.........#
########...##
......†....# #..
#########..###?....
.....##g...[..<..
#.....@.#.#.....
...#.##..#.# #.. ..
....#.# ...
.†.....#
.#...##....# ...
#.##.# .. #.# .# #.
#.# .#


You could see Ijyb.

Vanquished Creatures
  An adder (D:2)
  2 worms (D:2)
  A dart slug (D:3)
  A giant cockroach (D:3)
  9 goblins
  6 hobgoblins
  2 quokkas (D:1)
  6 ball pythons
  2 bats
  A frilled lizard (D:1)
  4 kobolds
  3 rats
38 creatures vanquished.

Notes
Turn   | Place    | Note
-------+----------+-------------------------------------------
     0 | D:1      | Bnni the Formicid Earth Elementalist began the quest for
                  | the Orb.
     0 | D:1      | Reached XP level 1. HP: 13/13 MP: 3/3
   268 | D:1      | Reached XP level 2. HP: 20/20 MP: 3/5
   400 | D:1      | Found a faded altar of an unknown god.
   415 | D:1      | Reached skill level 4 in Earth Magic
   570 | D:1      | Learned a level 2 spell: Passwall
  1171 | D:2      | Reached XP level 3. HP: 25/25 MP: 2/6
  1289 | D:2      | Reached skill level 1 in Fighting
  1384 | D:2      | Reached skill level 1 in Shields
  1514 | D:2      | Reached XP level 4. HP: 32/32 MP: 5/7
  1738 | D:2      | Learned a level 3 spell: Stone Arrow
  1799 | D:3      | Noticed Ijyb
  1841 | D:3      | HP: 1/32 [Ijyb/+0 club (5)]
  1846 | D:3      | Slain by Ijyb

Illustrated notes

Levels and vault maps discovered:
D:1:      dpeg_arrival_chambers_temple_mockup, layout_loops_ring,
          shapermc_ecumenical_altar_gd, grunt_decor_resistance, corner_web_ring
D:2:      cheibrodos_greedy_goblins, layout_rooms, eino_tiny_chamber
D:3:      layout_loops_ring, mainiacjoe_overflow_surrounded_room, uniq_ijyb

Skill      XL: |  1  2  3 |
---------------+----------+-----
Earth Magic    | 4 |  4.5
Fighting       | 1 |  1.2
Shields        | 1 |  1.1
Dodging        | |  1.7
Stealth        | |  2.4
Spellcasting   | |  2.6
Transmutations | |  1.8

Action                     |  1- 3 |  4- 6 || total
---------------------------+-------+-------++-------
  Melee: Unarmed           |     5 |       ||     5
         Dagger            |     8 |       ||     8
         Short sword       |       |     4 ||     4
   Cast: Sandblast         |    37 |    21 ||    58
    Use: Potion            |       |     2 ||     2
   Stab: Sleeping          |     2 |       ||     2
 Armour: Robe              |     3 |     1 ||     4
  Dodge: Dodged            |    13 |    23 ||    36
